 Dungeon Crawl Stone Soup version 0.22-a0-565-gfc6459a (webtiles) character file.

66 Hebeh the Covered (level 3, -10/33 HPs)
             Began as a Minotaur Fighter on June 28, 2018.
             Mangled by Crazy Yiuf
             ... wielding a +2 quarterstaff of chaos
              (13 damage)
             ... on level 2 of the Dungeon.
             The game lasted 00:03:57 (1902 turns).

Hebeh the Covered (Minotaur Fighter)                Turns: 1902, Time: 00:03:57

Health: -10/33     AC:  7    Str: 21    XL:     3   Next: 96%
Magic:  2/2        EV:  7    Int:  5    God:
Gold:   130        SH:  9    Dex:  9    Spells: 2/2 levels left

rFire    . . .     SeeInvis .   a - +0 war axe
rCold    . . .     Gourm    .   c - +0 shield
rNeg     . . .     Faith    .   b - +0 scale mail
rPois    .         Spirit   .   (helmet restricted)
rElec    .         Reflect  .   (no cloak)
rCorr    .         Harm     .   (no gloves)
MR       .....                  (no boots)
Stlth    ..........             (no amulet)
HPRegen  0.11/turn              (no ring)
MPRegen  0.08/turn              (no ring)

@: no status effects
A: retaliatory headbutt, horns 2
a: no special abilities


You were on level 2 of the Dungeon.
You were not hungry.

You visited 1 branch of the dungeon, and saw 2 of its levels.

You collected 130 gold pieces.

Inventory:

Hand Weapons
 a - a +0 war axe (weapon)
Missiles
 e - 7 javelins of returning (quivered)
Armour
 b - a +0 scale mail (worn)
 c - a +0 shield (worn)
Scrolls
 j - 5 scrolls of identify {unknown}
 k - 3 scrolls of remove curse {unknown}
 l - a scroll of fear {unknown}
 m - a scroll of fog {unknown}
 o - a scroll of immolation {unknown}
 p - a scroll of random uselessness {unknown}
Potions
 d - a potion of might
 h - a potion of haste {unknown}
 i - a potion of berserk rage {unknown}
 n - a potion of resistance {unknown}
Comestibles
 f - 6 rations


   Skills:
 + Level 4.1 Fighting
 * Level 3.8 Axes
 + Level 4.2 Armour
 + Level 4.1 Shields


You had 2 spell levels left.
You didn't know any spells.
Your spell library was empty.

Dungeon Overview and Level Annotations

Branches:
Dungeon (2/15)

Altars:

Annotations:
D:2 Crazy Yiuf


Innate Abilities, Weirdness & Mutations

You reflexively headbutt those who attack you in melee.
You have a pair of horns on your head.


Message History

j - 5 scrolls labeled YCKIUD LESEUM (gained 1) Some of the chunks of flesh in your inventory have rotted away.
All of the chunks of flesh in your inventory have rotted away.
No target in view!
Partly explored, unopened runed door.
You open the door.
Crazy Yiuf the Enlightened comes into view.
He is wielding a quarterstaff of chaos.
Crazy Yiuf shouts!
Crazy Yiuf glowers.
Found a mace.
Crazy Yiuf drinks a potion.
Crazy Yiuf seems to grow stronger.
There is an open door here.
Crazy Yiuf hits you with a quarterstaff of chaos!
You are electrocuted!
Ouch! That really hurt!
* * * LOW HITPOINT WARNING * * *
You hit Crazy Yiuf. Your headbutt misses Crazy Yiuf.
Crazy Yiuf is moderately wounded.
Crazy Yiuf hits you with a quarterstaff of chaos!
You die...

#.#.#............#
#......
#.#.#............#
#......
#.#.#............#
#......
#.#.#.############
#...... ..#.#.# #......
###.#.##♣♣♣♣♣ #......
#.#..#P.♣.♣♣♣#####
######......
#.#......♣..♣#...#
#.........##
###......P♣♣♣♣.'@g.#
#.........# ...(...#P♣♣
♣♣#..)# #.).......##
###...##♣♣ #####
#........... #...#
#........... #...#
#........... #...#
#############...........
#...#
#.......................
#####
#.......................
#.......................


You could see Crazy Yiuf.

Vanquished Creatures
  2 adders (D:2)
  2 leopard geckos
  8 bats
  4 giant cockroaches (D:1)
  6 goblins
  2 hobgoblins (D:1)
  2 jackals (D:2)
  8 kobolds (D:1)
  A quokka (D:2)
  A ball python (D:2)
  3 frilled lizards
  7 rats
46 creatures vanquished.

Notes
Turn   | Place    | Note
-------+----------+-------------------------------------------
     0 | D:1      | Hebeh the Minotaur Fighter began the quest for the Orb.
     0 | D:1      | Reached XP level 1. HP: 19/19 MP: 0/0
   142 | D:1      | Reached XP level 2. HP: 14/27 MP: 1/1
   639 | D:1      | Reached XP level 3. HP: 28/33 MP: 2/2
  1740 | D:2      | Found a runed door.
  1899 | D:2      | Noticed Crazy Yiuf
  1902 | D:2      | Mangled by Crazy Yiuf

Vault maps used:
D:1:      minmay_arrival_five_plusses, minmay_tall_x
D:2:      uniq_crazy_yiuf_cottage

Skill      XL: |  1  2  3 |
---------------+----------+-----
Axes           | 3 |  3.8
Shields        | 4 |  4.1
Armour         | 4 |  4.2
Fighting       | 4 |  4.1

Action                   || total
-------------------------++-------
Melee: War axe           ||   117
       Headbutt          ||    16
  Use: Scroll            ||     2
  Eat: Chunk             ||     3
Armor: Scale mail        ||    65
Dodge: Dodged            ||    50
Block: Shield            ||    76

Table legend:
 A = Spawn XP
 B = Non-spawn XP
 C = Spawn XP percentage of total XP
 D = Spawn monster count
 E = Non-spawn monster count
 F = Spawn count percentage of total count
 G = Total turns spent on level
                    A         B        C        D         E        F      G
               +---------+---------+-------+---------+---------+-------+---------
         Total |       0 |      95 |   0.0 |       0 |      46 |   0.0 |  1902
               +---------+---------+-------+---------+---------+-------+---------
           D:1 |       0 |      51 |   0.0 |       0 |      32 |   0.0 |  1159
           D:2 |       0 |      44 |   0.0 |       0 |      14 |   0.0 |   743
               +---------+---------+-------+---------+---------+-------+---------
